 Dungeon Crawl Stone Soup version 0.17.1-3-g152610e (webtiles) character file.

133252 Heskey the Spry (level 16, -12/151 HPs)
             Began as a Red Draconian Berserker on Mar 19, 2016.
             Was a Priest of Trog.
             Killed from afar by Nikola (20 damage)
             ... with a chain lightning
             ... on level 1 of the Shoals on Mar 20, 2016.
             The game lasted 02:39:00 (40736 turns).

Heskey the Spry (Red Draconian Berserker)          Turns: 40736, Time: 02:39:00

Health: -12/151    AC: 23    Str: 21    XL:     16   Next: 59%
Magic:  22/22      EV: 20    Int: 11    God:    Trog [***...]
Gold:   1557       SH:  7    Dex: 17    Spells: 0 memorised, 15 levels left

rFire  + . .     SeeInvis +     B - +7 dagger "Spiderbane" {pierce, Dex+4 SInv Stlth+}
rCold  . . .     Clarity  .     (armour unavailable)
rNeg   . . .     SustAt   .     J - +0 buckler
rPois  +         Gourm    .     j - +2 hat
rElec  .         Spirit   .     e - +2 cloak {+Inv}
rCorr  .         Warding  .     S - +1 pair of gloves
rMut   .         Stasis   .     n - +2 pair of boots
MR     ++++.                    (no amulet)
Stlth  +++.......               y - +4 ring of protection
                                k - ring of protection from magic

@: regenerating, incredibly resistant to hostile enchantments, fairly stealthy
A: breathe fire, unfitting armour, see invisible, fire resistance 1, poison
resistance, cold-blooded, AC +9
a: Breathe Fire, Berserk, Trog's Hand, Burn Spellbooks, Renounce Religion, Evoke
Invisibility


You were on level 1 of the Shoals.
You worshipped Trog.
Trog was most pleased with you.
You were hungry.

You visited 5 branches of the dungeon, and saw 29 of its levels.
You visited the Abyss 1 time.
You also visited: Ossuary and Bailey.

You collected 2272 gold pieces.
You spent 715 gold pieces at shops.

Inventory:

Hand Weapons
 h - a +4 rapier of freezing
 i - a +7 vampiric short sword
 x - a +7 dagger of speed
 B - the +7 dagger "Spiderbane" (weapon) {pierce, Dex+4 SInv Stlth+}
   (You found it on level 2 of the Spider Nest)

   It inflicts extra damage upon your enemies.
   It affects your dexterity (+4).
   It lets you see invisible.
   It makes you more stealthy.
 T - a +4 antimagic rapier
Armour
 e - a +2 cloak of invisibility (worn)
 j - a +2 hat (worn)
 n - a +2 pair of boots (worn)
 J - a +0 buckler (worn)
 S - a +1 pair of gloves (worn)
Jewellery
 k - a ring of protection from magic (left hand)
 y - a +4 ring of protection (right hand)
 U - an uncursed ring of flight
Wands
 g - a wand of draining (4)
 u - a wand of teleportation (7)
 I - a wand of enslavement (10)
 M - a wand of digging (10)
 O - a wand of fire (9)
 P - a wand of confusion (24)
 Q - a wand of lightning (0)
 W - a wand of digging (4)
 X - a wand of lightning (5)
 Z - a wand of confusion (25)
Scrolls
 a - 2 scrolls of magic mapping
 c - 8 scrolls of identify
 o - 4 scrolls of recharging
 r - 12 scrolls of remove curse
 s - 2 scrolls of teleportation
 w - a scroll of fear
Potions
 d - 7 potions of curing
 t - a potion of magic
 A - a potion of cure mutation
 E - a potion of berserk rage
 F - 2 potions of flight
 N - 2 potions of haste
Miscellaneous
 p - a lamp of fire
 q - a plain deck of summoning
 V - a plain deck of wonders
Comestibles
 b - 13 bread rations
 f - 4 beef jerkies
 l - 16 fruits
 m - 6 meat rations
 H - 2 royal jellies


   Skills:
 * Level 16.1 Fighting
 + Level 15.2 Short Blades
 + Level 16.3 Dodging
 + Level 8.9 Shields
 + Level 8.0 Evocations


You had 15 spell levels left.
You didn't know any spells.

Dungeon Overview and Level Annotations

Branches:
Dungeon (15/15)            Temple (0/1) D:7            Lair (8/8) D:10
 Shoals (1/4) Lair:6       Spider (4/4) Lair:5        Slime (1/6) Lair:6
    Orc (0/4) D:12         Vaults (0/5) D:14
 Depths: D:15

Altars:
Cheibriados
Dithmenos
Fedhas
Kikubaaqudgha
Makhleb
Okawaru
Ru
Trog
Vehumet
Zin

Shops:
D:6 *   D:7 [}***   D:12 (   D:13 [[!

Annotations:
D:15 Nessos
Shoals:1 Nikola
Spider:4 Arachne, Asterion


Innate Abilities, Weirdness & Mutations

You can breathe blasts of fire.
Your fiery red scales are hard (AC +9).
Your body does not fit into most forms of armour.
Your flesh is heat resistant.
You are cold-blooded and may be slowed by cold attacks.
You have supernaturally acute eyesight.
Your system is resistant to poisons.


Message History

Unknown command.
You hit Nikola.
Your tail-slap misses Nikola.
Nikola is moderately wounded.
Unknown command.
You puncture Nikola!
Nikola is moderately wounded.
Nikola gestures wildly while chanting.
You hear a mighty clap of thunder!
The lightning arc hits you!
The lightning arc hits Nikola.
The lightning arc hits you!
* * * LOW HITPOINT WARNING * * *
The lightning arc hits Nikola.
The lightning arc hits you!
* * * LOW HITPOINT WARNING * * *
Unknown command.
Unknown command.
There is a staircase back to the Lair here.
Nikola gestures wildly while chanting.
You hear a mighty clap of thunder!
The lightning arc hits you!
You die...

≈≈≈≈≈≈≈≈≈≈≈≈≈≈≈≈≈≈..
≈≈≈≈≈≈≈≈≈≈≈≈≈≈≈≈≈≈≈≈≈......
≈≈≈≈≈≈≈≈≈≈≈≈≈≈≈≈≈≈≈≈.......≈....
≈≈≈≈≈..≈≈≈≈≈≈≈≈≈≈≈≈≈...........≈
≈≈≈≈≈...≈≈≈≈≈≈≈≈≈≈≈...###.....≈≈
≈≈≈≈.....≈≈≈.≈≈≈≈≈....####..≈≈≈≈
≈≈≈......≈≈≈≈≈≈≈≈≈..##.....≈≈≈≈≈
≈≈≈......≈≈≈≈≈≈≈≈≈.###...≈≈≈≈≈≈≈
≈≈....÷..≈≈≈....@@.###.≈≈≈≈≈≈≈≈≈
≈≈.......≈≈≈≈............≈≈≈≈≈≈≈
≈≈.......≈≈.≈.............≈≈≈≈≈≈
≈≈≈.......≈≈≈≈≈≈##........≈≈≈≈≈≈
≈≈≈≈.####.....≈≈≈#.##.....≈≈≈≈≈≈
≈≈≈### ####...≈≈#..#....≈≈≈≈≈≈≈
≈≈≈ ###..≈.....≈≈≈≈≈≈≈≈≈≈ ≈≈#
.##.≈......≈≈≈≈≈≈≈≈≈
≈.#.≈≈....≈≈≈≈≈≈≈≈≈≈


You could see Nikola.

Vanquished Creatures
  Norris (Spider:3)
  A ghost moth (Spider:2)
  3 emperor scorpions
  Snorg (Lair:4)
  A great orb of eyes (Abyss:1)
  An entropy weaver (Spider:4)
  5 hydras
  2 centaur warriors
  4 death yaks (Lair:5)
  A fire crab (Lair:7)
  2 deep elf knights
  2 sea snakes (Shoals:1)
  2 unseen horrors
  A skeletal warrior (D:14)
  7 hill giants
  5 hornets
  4 ugly things
  14 orb spiders
  3 cyclopes
  26 wolf spiders
  9 elephants (Lair:7)
  2 guardian serpents (D:9)
  2 griffons
  2 moths of wrath (Spider:2)
  4 black mambas
  2 orange demons (Abyss:2)
  7 centaur skeletons
  9 komodo dragons
  3 torpor snails
  2 gargoyles
  12 spiny frogs
  An efreet (D:13)
  A troll (D:13)
  A yaktaur (D:14)
  5 fire drakes
  14 demonic crawlers
  12 blink frogs
  2 two-headed ogres
  Prince Ribbit (Lair:1)
  20 jumping spiders
  A wind drake (Shoals:1)
  A slime creature (D:12)
  2 deep elf magi
  A snapping turtle (Lair:6)
  5 boulder beetles
  16 tarantellas
  37 redbacks
  A shadow (D:13)
  A wyvern (D:8)
  19 trapdoor spiders
  A wraith (D:13)
  2 steam dragons
  The ghost of Heskey the Ducker, an amateur DrBe of Trog (D:3)
  A deep elf fighter (D:14)
  66 yaks
  6 hippogriffs
  2 mottled dragons (Lair:4)
  4 vampire mosquitoes (D:12)
  A large abomination (Abyss:2)
  9 porcupines
  3 wargs (D:10)
  15 water moccasins
  A trapdoor spider simulacrum (D:12)
  22 wolves
  5 wasps
  2 phantoms
  39 spiders
  A soldier ant (D:13)
  4 ice beasts
  8 ogres
  An ogre (shapeshifter) (D:13)
  9 sky beasts
  13 orc warriors
  2 necrophages (D:11)
  8 centaurs
  4 big kobolds
  16 crocodiles
  23 giant frogs
  2 scorpions
  2 wyvern skeletons (D:9)
  14 killer bees (D:7)
  11 electric eels
  18 wights
  4 centaur zombies
  A wyvern simulacrum (D:12)
  2 giant frog zombies
  7 crimson imps
  5 hounds
  16 orc wizards
  4 giant frog skeletons
  13 iguanas
  10 orc priests
  9 jellies
  4 hell rats (Lair:8)
  20 sheep
  A big kobold zombie (Ossuary)
  8 worker ants
  2 centaur simulacra (D:12)
  8 mummies (Ossuary)
  2 hound skeletons
  3 gnolls (D:6)
  A worker ant zombie (D:10)
  12 adders
  108 river rats
  3 shadow imps
  7 white imps (D:12)
  An ooze (D:2)
  An ufetubus (D:12)
  2 adder skeletons
  2 adder zombies
  4 worms
  7 giant geckos
  46 orcs
  5 bats
  7 hobgoblins
  13 jackals
  28 kobolds
  A quokka (D:3)
  2 ball pythons (D:2)
  5 giant cockroaches
  A giant gecko skeleton (D:7)
  A giant gecko zombie (D:9)
  16 giant newts
  2 gnoll zombies (Ossuary)
  12 goblins
  2 hobgoblin zombies (Ossuary)
  A kobold zombie (Ossuary)
  2 orc zombies (Ossuary)
  A quokka skeleton (D:5)
  3 rats
1012 creatures vanquished.

Vanquished Creatures (collateral kills)
  Louise (Spider:4)
  2 emperor scorpions
  An ogre mage (D:14)
  A centaur warrior (D:13)
  Nergalle (D:12)
  2 hill giants
  3 orb spiders
  5 wolf spiders
  2 orc knights
  4 slime creatures (D:14)
  A spiny frog (Lair:8)
  A demonic crawler (Spider:3)
  3 yaktaurs (D:14)
  A two-headed ogre (D:14)
  9 jumping spiders
  5 blink frogs (Lair:8)
  A shadow (D:12)
  2 tarantellas (Spider:4)
  2 trapdoor spiders (Spider:4)
  2 redbacks
  9 yaks
  2 deep elf fighters (D:14)
  2 deep elf magi
  A hippogriff (Lair:8)
  A mottled dragon (D:14)
  A wasp (Spider:1)
  5 spiders
  2 ogres
  A big kobold (D:13)
  An orc priest (D:12)
  4 sheep (D:14)
  An adder (D:12)
  A shadow imp (D:12)
  7 white imps (D:12)
  14 orcs
  6 kobolds
107 creatures vanquished.

Vanquished Creatures (others)
  A wizard (D:5)
  2 jumping spiders (Spider:2)
  A redback (Spider:1)
  A wight (D:7)
  A hell rat (Lair:8)
  An orc (Bailey)
  5 bushes (D:10)
  15 fungi
  15 plants
42 creatures vanquished.

Grand Total: 1161 creatures vanquished

Notes
Turn   | Place    | Note
--------------------------------------------------------------
     0 | D:1      | Heskey the Draconian Berserker began the quest for the Orb.
     0 | D:1      | Reached XP level 1. HP: 19/19 MP: 1/1
   510 | D:1      | Reached XP level 2. HP: 21/26 MP: 2/2
  1217 | D:2      | Reached XP level 3. HP: 29/33 MP: 3/3
  1249 | D:2      | Found an iron altar of Okawaru.
  1441 | D:2      | Reached ** piety under Trog
  1441 | D:2      | Reached skill level 4 in Fighting
  1730 | D:2      | Found a shadowy altar of Dithmenos.
  1772 | D:2      | Found a faded altar to an unknown god.
  1789 | D:2      | Found a sacrificial altar of Ru.
  2179 | D:3      | Reached XP level 4. HP: 14/41 MP: 4/4
  2191 | D:3      | Noticed Heskey's ghost (amateur DrBe)
  2497 | D:3      | Killed Heskey's ghost
  2497 | D:3      | Reached XP level 5. HP: 37/47 MP: 5/5
  2513 | D:3      | Reached skill level 5 in Fighting
  2887 | D:3      | Reached XP level 6. HP: 56/56 MP: 6/6
  2917 | D:3      | Noticed a sky beast
  2936 | D:3      | Killed a sky beast
  3493 | D:4      | Found a blossoming altar of Fedhas.
  3543 | D:4      | Found a snail-covered altar of Cheibriados.
  3704 | D:4      | Reached *** piety under Trog
  4151 | D:4      | Found a glowing silver altar of Zin.
  4198 | D:4      | Gained mutation: Your body sometimes deteriorates upon taking damage. [potion of mutation]
  4198 | D:4      | Gained mutation: You are clumsy. (Dex -2) [potion of mutation]
  4198 | D:4      | Gained mutation: You can translocate small distances at will. [potion of mutation]
  4296 | D:5      | Entered Level 5 of the Dungeon
  4325 | D:5      | Reached skill level 5 in Dodging
  4335 | D:5      | Gained mutation: You possess an exceptional clarity of mind. [mutagenic meat]
  4336 | D:5      | Gained mutation: You have supernaturally acute eyesight. [mutagenic meat]
  4338 | D:5      | Gained mutation: Your large and strong wings let you fly indefinitely. [mutagenic meat]
  4340 | D:5      | Gained mutation: You occasionally shout uncontrollably at your foes. [mutagenic meat]
  4366 | D:5      | Your scales start taking on a fiery red colour.
  4366 | D:5      | Gained mutation: Your flesh is heat resistant. [Red Draconian growth]
  4366 | D:5      | Reached XP level 7. HP: 61/61 MP: 7/7
  4493 | D:5      | Reached skill level 5 in Short Blades
  4720 | D:5      | Found a bloodstained altar of Trog.
  4721 | D:5      | Noticed a wizard
  4726 | D:5      | Killed a wizard
  4865 | D:6      | Reached skill level 6 in Fighting
  5241 | D:6      | Found Eshaphen's Eclectic Emporium.
  5298 | D:6      | Bought a scroll of enchant weapon for 82 gold pieces
  5298 | D:6      | Bought a scroll of enchant weapon for 82 gold pieces
  5437 | D:6      | Reached XP level 8. HP: 47/71 MP: 8/8
  5932 | D:6      | Reached **** piety under Trog
  5999 | D:6      | Found a burning altar of Makhleb.
  5999 | D:6      | Noticed a cacodemon
  6551 | D:7      | Found a sand-covered staircase.
  6569 | D:7      | Reached skill level 7 in Fighting
  6576 | Ossuary  | Entered an ossuary
  6887 | D:7      | Found Oteyg's General Store.
  6946 | D:7      | Reached XP level 9. HP: 58/79 MP: 9/9
  7074 | D:7      | Noticed a two-headed ogre
  7085 | D:7      | Killed a two-headed ogre
  7106 | D:7      | Reached skill level 8 in Short Blades
  7111 | D:7      | Found Umekkaug's Gadget Shoppe.
  7115 | D:7      | Found Ruvuwk's General Store.
  7131 | D:7      | Reached ***** piety under Trog
  7485 | D:6      | Bought a scroll of enchant armour for 82 gold pieces
  7485 | D:6      | Bought a +2 ring of evasion for 110 gold pieces
  7598 | D:7      | Found a radiant altar of Vehumet.
  7620 | D:7      | Found Wamupryi's Antique Armour Shop.
  7858 | D:7      | Found Majopit's General Store.
  7930 | D:7      | Found a staircase to the Ecumenical Temple.
  8412 | D:8      | Reached skill level 9 in Short Blades
 10001 | D:8      | Reached XP level 10. HP: 51/90 MP: 10/10
 10783 | D:8      | Lost mutation: You possess an exceptional clarity of mind. [potion of cure mutation]
 10783 | D:8      | Lost mutation: Your body sometimes deteriorates upon taking damage. [potion of cure mutation]
 10783 | D:8      | Lost mutation: Your large and strong wings let you fly indefinitely. [potion of cure mutation]
 10783 | D:8      | Lost mutation: You occasionally shout uncontrollably at your foes. [potion of cure mutation]
 10783 | D:8      | Lost mutation: You can translocate small distances at will. [potion of cure mutation]
 10783 | D:8      | Lost mutation: You are clumsy. (Dex -2) [potion of cure mutation]
 11252 | D:9      | Noticed a guardian serpent
 11265 | D:9      | Killed a guardian serpent
 11390 | D:9      | Reached skill level 10 in Short Blades
 11431 | D:9      | Paralysed by a wasp for 2 turns
 11625 | D:9      | Received a gift from Trog
 11792 | D:9      | Found a flagged portal.
 11825 | Bailey   | Entered a bailey
 12234 | Bailey   | Noticed an orc knight
 12442 | Bailey   | Reached skill level 1 in Evocations
 12602 | Bailey   | Noticed an orc knight
 12608 | Bailey   | Killed an orc knight
 13128 | D:9      | Noticed a guardian serpent
 13152 | D:9      | Killed a guardian serpent
 13633 | D:10     | Entered Level 10 of the Dungeon
 13633 | D:10     | Noticed a hill giant
 13655 | D:10     | Killed a hill giant
 13749 | D:10     | Reached XP level 11. HP: 99/99 MP: 12/12
 13757 | D:10     | Reached skill level 10 in Dodging
 13764 | D:10     | Found a staircase to the Lair.
 13922 | D:10     | Reached skill level 10 in Fighting
 13990 | D:10     | Noticed a hill giant
 14009 | D:10     | Killed a hill giant
 14310 | D:10     | Noticed a hill giant
 14338 | D:10     | Killed a hill giant
 14428 | D:10     | Reached skill level 11 in Short Blades
 14938 | Lair:1   | Entered Level 1 of the Lair of Beasts
 15170 | D:11     | Noticed a hill giant
 15235 | D:11     | Killed a hill giant
 15250 | D:12     | HP: 3/101 [orc priest/mace (8)]
 15335 | D:12     | Received a gift from Trog
 15729 | D:12     | Found Nuofuupt's Weapon Boutique.
 15729 | D:12     | Found a staircase to the Orcish Mines.
 15738 | D:12     | Noticed Nergalle
 15766 | D:12     | Killed Nergalle
 15774 | D:12     | Found a frozen archway.
 15910 | D:12     | Noticed a hill giant
 15915 | D:12     | Killed a hill giant
 16279 | D:12     | Reached skill level 12 in Short Blades
 16279 | D:12     | Reached XP level 12. HP: 100/110 MP: 14/14
 16289 | D:12     | Noticed a four-headed hydra
 16305 | D:12     | Killed a four-headed hydra
 16710 | D:12     | Noticed an unseen horror
 16731 | D:12     | Killed an unseen horror
 16961 | D:12     | Received a gift from Trog
 17569 | D:13     | Found Ukewaq's Antique Armour Boutique.
 17605 | D:13     | Bought an embroidered cloak for 121 gold pieces
 17683 | D:13     | Reached skill level 13 in Short Blades
 17688 | D:13     | Noticed a centaur warrior
 17706 | D:13     | Killed a centaur warrior
 18075 | D:13     | Found Kenkokk's Armour Shoppe.
 18083 | D:13     | Bought a +0 buckler for 58 gold pieces
 18390 | D:13     | Received a gift from Trog
 18430 | D:13     | Noticed a centaur warrior
 18440 | D:13     | Killed a centaur warrior
 18440 | D:13     | Reached skill level 1 in Shields
 18502 | D:13     | Found Ynothilurph's Distillery.
 18510 | D:13     | Bought 2 potions of heal wounds for 180 gold pieces
 18714 | D:14     | Found an ancient bone altar of Kikubaaqudgha.
 18805 | D:14     | Noticed an eight-headed hydra
 18816 | D:14     | Killed an eight-headed hydra
 18816 | D:14     | Reached XP level 13. HP: 119/119 MP: 15/15
 18869 | D:14     | Noticed an ogre mage
 18896 | D:14     | Found a gate to the Vaults.
 19162 | D:14     | Noticed a seven-headed hydra
 19167 | D:14     | Killed a seven-headed hydra
 19631 | D:14     | Noticed a centaur warrior
 19654 | D:14     | Killed a centaur warrior
 19811 | D:14     | Killed an ogre mage
 20357 | D:15     | Entered Level 15 of the Dungeon
 20365 | D:15     | Noticed Nessos
 20366 | D:15     | Noticed a ghoul
 20367 | D:15     | Noticed a ghoul
 20823 | Lair:1   | Noticed Prince Ribbit
 20840 | Lair:1   | Killed Prince Ribbit
 20840 | Lair:1   | Received a gift from Trog
 22646 | Lair:2   | Received a gift from Trog
 23489 | Lair:3   | Reached XP level 14. HP: 125/130 MP: 16/16
 23977 | Lair:4   | Reached skill level 14 in Short Blades
 24331 | Lair:4   | Reached ****** piety under Trog
 24415 | Lair:4   | Received a gift from Trog
 24546 | Lair:4   | Noticed Snorg
 24576 | Lair:4   | Killed Snorg
 24740 | Lair:4   | Reached skill level 5 in Shields
 25565 | Lair:5   | Found a hole to the Spider Nest.
 26068 | Lair:6   | Received a gift from Trog
 26468 | Lair:6   | Found a staircase to the Slime Pits.
 26815 | Lair:6   | Found a staircase to the Shoals.
 26877 | Shoals:1 | Entered Level 1 of the Shoals
 27323 | Shoals:1 | Noticed Nikola
 28157 | Lair:7   | Received a gift from Trog
 28198 | Lair:7   | Reached skill level 5 in Evocations
 28953 | Lair:8   | Entered Level 8 of the Lair of Beasts
 29362 | Lair:8   | Gained mutation: Your system is resistant to poisons. [potion of beneficial mutation]
 29403 | Lair:8   | Received a gift from Trog
 29418 | Lair:8   | Identified a scroll of acquirement
 29632 | Lair:8   | Reached XP level 15. HP: 139/139 MP: 19/19
 30308 | Lair:8   | Cast into the Abyss (a Zot trap)
 30313 | Abyss:1  | Found a corrupted altar of Lugonu.
 30489 | Lair:8   | Escaped the Abyss
 30790 | Slime:1  | Entered Level 1 of the Pits of Slime
 30840 | Spider:1 | Entered Level 1 of the Spider Nest
 31603 | Spider:1 | Reached skill level 15 in Fighting
 32374 | Spider:2 | Reached skill level 15 in Dodging
 32380 | Spider:2 | Received a gift from Trog
 32385 | Spider:2 | Got a dazzling dagger
 32386 | Spider:2 | Identified the +7 dagger "Spiderbane" {pierce, Dex+4 SInv Stlth+} (You found it on level 2 of the Spider Nest)
 35358 | Spider:4 | Entered Level 4 of the Spider Nest
 35516 | Spider:4 | Reached skill level 15 in Short Blades
 35613 | Spider:4 | Noticed Louise
 35621 | Spider:4 | Killed Louise
 35814 | Spider:4 | Noticed Arachne
 35830 | Spider:4 | Reached XP level 16. HP: 97/149 MP: 21/21
 36139 | Spider:4 | Noticed Asterion
 37009 | Spider:3 | Got a pair of blackened gloves
 37020 | Spider:3 | Identified the -5 pair of gloves "Ithrisann" {Int+4 Dex-5} (You found it on level 3 of the Spider Nest)
 37100 | Spider:3 | Noticed Norris
 37128 | Spider:3 | Killed Norris
 37300 | Spider:3 | Reached skill level 16 in Dodging
 37796 | Spider:3 | Received a gift from Trog
 39114 | Spider:3 | HP: 5/151 [emperor scorpion (13)]
 40733 | Shoals:1 | HP: 4/151 [Nikola/chain lightning (26)]
 40736 | Shoals:1 | Killed from afar by Nikola

Action                   |  1- 3 |  4- 6 |  7- 9 | 10-12 | 13-15 | 16-18 || total
-------------------------+-------+-------+-------+-------+-------+-------++-------
Melee: Short sword       |   141 |   100 |       |       |  3324 |   971 ||  4536
       Dagger            |       |    89 |   684 |  1319 |   398 |   103 ||  2593
       Rapier            |       |       |       |       |    72 |       ||    72
Invok: Berserk           |     2 |     2 |     5 |    12 |     8 |     4 ||    33
       Brothers in Arms  |       |       |       |     6 |    16 |    10 ||    32
       Trog's Hand       |       |       |       |     1 |       |     2 ||     3
       Burn Spellbooks   |       |       |       |     1 |     7 |       ||     8
 Abil: Breathe Fire      |       |       |     1 |     9 |     1 |     1 ||    12
       Evoke Invisibilit |       |       |       |       |     1 |       ||     1
Evoke: Wand              |       |       |     5 |    30 |     1 |     4 ||    40
  Use: Potion            |       |     7 |     6 |    11 |    24 |     9 ||    57
       Scroll            |       |    10 |    12 |    12 |    27 |    13 ||    74
 Stab: Sleeping          |     1 |       |       |     1 |     4 |       ||     6
       Invisible         |       |       |     5 |       |     7 |     6 ||    18
       Distracted        |       |       |       |     2 |     2 |       ||     4
       Confused          |       |       |       |       |     6 |       ||     6
       Held in net/web   |       |       |       |       |       |     2 ||     2
  Eat: Chunk             |     2 |    14 |    14 |    20 |    42 |       ||    92
       Bread ration      |     1 |       |       |     3 |     2 |     1 ||     7
       Fruit             |       |     1 |     2 |     1 |     2 |     2 ||     8
       Beef jerky        |       |       |     1 |     2 |     4 |     2 ||     9
       Meat ration       |       |       |     1 |     1 |     3 |     2 ||     7
       Pizza             |       |       |       |     1 |     3 |     1 ||     5
       Royal jelly       |       |       |       |     1 |       |     1 ||     2
